 Dungeon Crawl Stone Soup version 0.20.1-1-g8b1a95d (webtiles) character file.

155 Lorindel the Magician (level 5, 0/29 HPs)
             Began as a Deep Elf Wizard on July 24, 2017.
             Killed from afar by an orc wizard (10 damage)
             ... with a puff of flame
             ... on level 3 of the Dungeon.
             The game lasted 00:24:28 (3072 turns).

Lorindel the Magician (Deep Elf Wizard)             Turns: 3072, Time: 00:24:28

Health: 0/29       AC:  2    Str:  4    XL:     5   Next: 14%
Magic:  2/14       EV: 13    Int: 24    God:
Gold:   128        SH:  0    Dex: 13    Spells: 1/14 levels left

rFire    . . .     SeeInvis .   k - +1 dagger
rCold    . . .     Gourm    .   (no shield)
rNeg     . . .     Faith    .   a - +0 robe
rPois    .         Spirit   .   b - +0 hat
rElec    .         Reflect  .   (no cloak)
rCorr    .         Harm     .   (no gloves)
MR       .....                  (no boots)
Stlth    ++........             (no amulet)
Regen    0.1/turn               (no ring)
MPRegen  0.2/turn               (no ring)

@: no status effects
A: no striking features
a: no special abilities


You were on level 3 of the Dungeon.
You were not hungry.

You visited 1 branch of the dungeon, and saw 3 of its levels.

You collected 128 gold pieces.

Inventory:

Hand Weapons
 e - a +0 hand axe
 f - a +0 spear
 g - a +0 club
 k - a +1 dagger (weapon)
Missiles
 l - 79 stones (quivered)
 p - 61 arrows
Armour
 a - a +0 robe (worn)
 b - a +0 hat (worn)
Scrolls
 j - 3 scrolls of teleportation
 o - 3 scrolls of remove curse
 s - a scroll of enchant weapon
 v - a scroll of recharging
Potions
 i - a potion of might
 n - a potion of haste
 t - a potion of ambrosia {unknown}
Books
 c - a book of Minor Magic

   Spells                             Type                      Level
   a - Magic Dart                     Conjuration                  1
   b - Blink                          Translocation                2
   c - Call Imp                       Summoning                    2
   d - Slow                           Hexes                        2
   e - Conjure Flame                  Conjuration/Fire             3
   f - Mephitic Cloud                 Conjuration/Poison/Air       3
Comestibles
 d - 5 bread rations
 h - a meat ration
 q - 2 fruits


   Skills:
 + Level 1.0 Fighting
 + Level 3.1 Dodging
 + Level 3.4 Stealth
 * Level 5.3 Spellcasting
 + Level 1.7 Conjurations
 + Level 1.0 Hexes
 + Level 1.5 Summonings
 + Level 1.9 Translocations
 + Level 0.2 Fire Magic
 + Level 1.0 Air Magic
 + Level 1.2 Poison Magic


You had one spell level left.
You knew the following spells:

 Your Spells              Type           Power        Failure   Level  Hunger
a - Magic Dart            Conj           ##..         4%          1    None
b - Call Imp              Summ           ##......     7%          2    None
c - Blink                 Tloc           N/A          6%          2    None
d - Slow                  Hex            ##......     9%          2    None
e - Mephitic Cloud        Conj/Pois/Air  ##......     16%         3    ##.....
f - Conjure Flame         Conj/Fire      ##......     17%         3    ##.....


Dungeon Overview and Level Annotations

Branches:
Dungeon (3/15)

Altars:
Ashenzari
Cheibriados
Dithmenos
Kikubaaqudgha
Makhleb
Qazlal
Trog
Uskayaw
Vehumet
Xom
Zin
The Shining One


Message History

You swap places.
Your crimson imp disappears in a puff of smoke!
A magic dart appears from out of thin air!
The magic dart hits you!
* * * LOW HITPOINT WARNING * * *
Something closely misses your shadow imp.
Something hits your shadow imp.
Your shadow imp completely misses something.
Something hits your shadow imp.
Your shadow imp completely misses something.
It was a potion of curing.
You feel better.
Eat a chunk of flesh? (ye/n/q)
You eat the chunk of flesh.
This raw flesh tastes terrible.
Something hits your shadow imp. x2
Your shadow imp dies!
Your crimson imp blinks!
You hear some strange, mumbled words.
A puff of flame appears from out of thin air!
The puff of flame hits you!
You die...

*,,,,,,,,***,,.........
*,**,**,** *,,........#
*,**,**,* *,,.........
*,**,**,* *,,...#...#.
#,**,**,* ***##*#####.
#.#*,**,* #. *,..,,,,*
#. ***#.##############
#. #..@.......5...# #.
#..#####).####.####.
#.....).............
##.#####..####.#####
#.****#.......#
#.,,,,..#######
##***####


There were no monsters in sight!

Vanquished Creatures
  An orc priest (D:3)
  An adder (D:3)
  A dart slug (D:2)
  2 leopard geckos (D:3)
  4 orcs (D:3)
  A ball python (D:2)
  7 bats
  2 giant cockroaches
  4 goblins (D:1)
  4 hobgoblins
  A jackal (D:3)
  2 frilled lizards
  5 kobolds
  2 rats
37 creatures vanquished.

Vanquished Creatures (collateral kills)
  The ghost of Ferkelamun the Ruffian, an amateur DrTm (D:3)
  3 adders (D:3)
  2 ball pythons (D:3)
  A goblin (D:3)
  2 hobgoblins
  5 jackals (D:3)
  A bat (D:3)
  3 kobolds
  2 rats
20 creatures vanquished.

Vanquished Creatures (others)
  An orc wizard (D:3)
1 creature vanquished.

Grand Total: 58 creatures vanquished

Notes
Turn   | Place    | Note
-------+----------+-------------------------------------------
     0 | D:1      | Lorindel the Deep Elf Wizard began the quest for the Orb.
     0 | D:1      | Reached XP level 1. HP: 10/10 MP: 7/7
   321 | D:1      | Reached XP level 2. HP: 5/15 MP: 2/9
   328 | D:1      | Learned a level 2 spell: Call Imp
   331 | D:1      | Learned a level 2 spell: Blink
   334 | D:1      | Learned a level 2 spell: Slow
  1620 | D:2      | Found a sacrificial altar of Ru.
  1627 | D:2      | Found a glowing golden altar of the Shining One.
  1627 | D:2      | Found a burning altar of Makhleb.
  1630 | D:2      | Found a shimmering altar of Xom.
  1630 | D:2      | Found a shadowy altar of Dithmenos.
  1630 | D:2      | Found a stormy altar of Qazlal.
  1706 | D:2      | Found an ancient bone altar of Kikubaaqudgha.
  1706 | D:2      | Found a snail-covered altar of Cheibriados.
  1708 | D:2      | Found a radiant altar of Vehumet.
  1712 | D:2      | Found a burning altar of Makhleb.
  1712 | D:2      | Found a shattered altar of Ashenzari.
  1713 | D:2      | Found a hide-covered altar of Uskayaw.
  1714 | D:2      | Found a bloodstained altar of Trog.
  1716 | D:2      | Found a shadowy altar of Dithmenos.
  1717 | D:2      | Found a glowing silver altar of Zin.
  1731 | D:2      | Reached XP level 3. HP: 19/19 MP: 7/11
  1736 | D:2      | Learned a level 3 spell: Mephitic Cloud
  2269 | D:3      | Reached skill level 5 in Spellcasting
  2419 | D:3      | Noticed Ferkelamun's ghost (amateur DrTm)
  2605 | D:3      | Reached XP level 4. HP: 24/24 MP: 13/13
  2610 | D:3      | Learned a level 3 spell: Conjure Flame
  2892 | D:3      | Killed Ferkelamun's ghost
  2892 | D:3      | Reached skill level 1 in Hexes
  2892 | D:3      | Reached skill level 1 in Poison Magic
  3000 | D:3      | Reached skill level 1 in Air Magic
  3000 | D:3      | Reached XP level 5. HP: 28/28 MP: 5/14
  3017 | D:3      | Reached skill level 1 in Fighting
  3072 | D:3      | Killed from afar by an orc wizard

Skill      XL: |  1  2  3  4  5 |
---------------+----------------+-----
Stealth        | 3 |  3.4
Spellcasting   | 5 |  5.3
Dodging        | 3 |  3.1
Hexes          | 1 |  1.0
Poison Magic   | 1 |  1.2
Air Magic      | 1 |  1.0
Fighting       | 1 |  1.0
Conjurations   | |  1.7
Summonings     | |  1.5
Translocations | |  1.9
Fire Magic     | |  0.2

Action                   |  1- 3 |  4- 6 || total
-------------------------+-------+-------++-------
Melee: Dagger            |    58 |    63 ||   121
       Hand axe          |     1 |       ||     1
 Cast: Magic Dart        |    69 |     3 ||    72
       Call Imp          |    16 |    11 ||    27
       Blink             |     2 |     1 ||     3
       Slow              |     3 |     1 ||     4
       Mephitic Cloud    |       |     1 ||     1
       Conjure Flame     |       |     2 ||     2
  Use: Scroll            |    12 |       ||    12
       Potion            |       |     2 ||     2
 Stab: Sleeping          |     6 |       ||     6
       Distracted        |     1 |       ||     1
       Confused          |       |     1 ||     1
  Eat: Chunk             |     5 |     2 ||     7
Armor: Robe              |    17 |     3 ||    20
       Skin              |       |    48 ||    48
Dodge: Dodged            |    78 |    16 ||    94
